[Event "*** Titled Tuesday Blitz"]
[Site "Chess.com"]
[Date "2021.03.02"]
[Round "11"]
[White "Chernov_Alexander_A"]
[Black "RamyresCoelho"]
[Result "1-0"]
[WhiteElo "2285"]
[BlackElo "2076"]
[TimeControl "180+1"]
[EndTime "12:05:15 PST"]
[Termination "Chernov_Alexander_A won by resignation"]

1. d4 Nf6 2. Nc3 d5 3. Bg5 e6 4. e4 dxe4 5. Nxe4 Be7 6. Bxf6 Bxf6 7. Nf3 O-O 8. Bc4 Nc6 9. c3 Be7 10. Qe2 a6 11. O-O-O b5 12. Bd3 b4 13. Bc2 bxc3 14. Nxc3 Bb7 15. h4 Nb4 16. Bxh7+ Kxh7 17. Ng5+ Kg8 18.
Qh5 Bxg5+ 19. hxg5 f5 20. g6 1-0

[Event "*** Titled Tuesday Blitz"]
[Site "Chess.com"]
[Date "2021.03.02"]
[Round "11"]
[White "CSB7"]
[Black "NiranjanNavalgund"]
[Result "1-0"]
[WhiteElo "2586"]
[BlackElo "2442"]
[TimeControl "180+1"]
[EndTime "12:05:41 PST"]
[Termination "CSB7 won by resignation"]

1. Nf3 Nf6 2. d4 e6 3. c4 Bb4+ 4. Bd2 c5 5. Bxb4 cxb4 6. g3 O-O 7. Bg2 b6 8. Ne5 d5 9. a3 Qe7 10. O-O Bb7 11. axb4 dxc4 12. Bxb7 Qxb7 13. Nxc4 Rd8 14. e3 Nc6 15. b5 Nb4 16. Nc3 Rac8 17. Ne5 h5 18. Qa4 Nfd5 19. Nxd5 Nxd5 20. Qxa7 Qxa7 21. Rxa7 f6 22. Nc6 Rf8 23. e4 Nc7 24. Ne7+ 1-0

[Event "*** Titled Tuesday Blitz"]
[Site "Chess.com"]
[Date "2021.03.02"]
[Round "11"]
[White "SergeyShtyka"]
[Black "Piacramling"]
[Result "0-1"]
[WhiteElo "2447"]
[BlackElo "2357"]
[TimeControl "180+1"]
[EndTime "12:05:45 PST"]
[Termination "Piacramling won by resignation"]

1. e4 c5 2. Nf3 e6 3. d4 cxd4 4.
Nxd4 Nf6 5. Nc3 Nc6 6. Ndb5 Bc5 7. Nd6+ Ke7 8. Nc4 d5 9. exd5 exd5 10. Na4 dxc4 11.
Qxd8+ Rxd8 12. Nxc5 Nb4 13. Ke2 Nxc2 14. Rb1 Nd4+ 15.
Ke1 Bf5 0-1

[Event "*** Titled Tuesday Blitz"]
[Site "Chess.com"]
[Date "2021.03.02"]
[Round "11"]
[White "ApoIogiA"]
[Black "VladimirBugayev"]
[Result "0-1"]
[WhiteElo "2188"]
[BlackElo "2305"]
[TimeControl "180+1"]
[EndTime "12:05:46 PST"]
[Termination "VladimirBugayev won by resignation"]

1. d4 Nf6 2. c4 c5 3. d5 b5 4. cxb5 a6 5. bxa6 Bxa6 6. Nc3 d6 7. e4 Bxf1 8. Kxf1 g6 9. Nf3 Bg7 10. g3 O-O 11. Kg2 Qb6 12. Qe2 Qa6 13. Qxa6 Nxa6 14. Nd2 Rfb8 15. a4 Nb4 16. Nc4 Nd3 17. Rb1 Ng4 18. Bg5 Ngxf2 19. Bxe7 Nxh1 20. Rxh1 Nxb2 0-1

[Event "*** Titled Tuesday Blitz"]
[Site "Chess.com"]
[Date "2021.03.02"]
[Round "11"]
[White "Herman-NY"]
[Black "FredyMatsuura"]
[Result "1-0"]
[WhiteElo "2457"]
[BlackElo "2331"]
[TimeControl "180+1"]
[EndTime "12:05:54 PST"]
[Termination "Herman-NY won on time"]

1. e4 c5 2. Nf3 d6 3. d4 cxd4 4. Nxd4 Nf6 5. Nc3 e6 6. Bc4 Be7 7.
Bb3 Na6 8. f3 Nc5 9. Be3 a6 10.
Qd2 Qc7 11. g4 b5 12. g5 Nxb3 13. axb3 Nd7 14. Ndxb5 Qb8 15. Nd4 Bb7 16. h4 1-0

[Event "*** Titled Tuesday Blitz"]
[Site "Chess.com"]
[Date "2021.03.02"]
[Round "11"]
[White "Leo_C"]
[Black "FeketeBarika"]
[Result "0-1"]
[WhiteElo "2433"]
[BlackElo "2313"]
[TimeControl "180+1"]
[EndTime "12:06:03 PST"]
[Termination "FeketeBarika won by checkmate"]

1. d4 e6 2. c4 Nf6 3. Nc3 d5 4.
cxd5 exd5 5. Bg5 c6 6. e3 Be7 7. Bd3 O-O 8. Nge2 Nbd7 9. O-O Re8 10. f3 Nf8 11. Bh4 Ng6 12. Bf2 Bf8 13. h3 Bd7 14.
Rc1 Qe7 15. e4 dxe4 16. fxe4 Nh5 17. Qd2 Rad8 18. d5 Ne5 19. Bxa7 Nf6 20. Nf4 Nxd3 21.
Qxd3 Nxe4 22. Nxe4 Qxe4 23. Qxe4 Rxe4 24. Bb6 Ra8 25.
a3 cxd5 26. Nxd5 Bc6 27. Nc3 Re6 28. Bf2 Rg6 29. g3 Bd6 30. Kh2 h5 31. h4 Rg4 32.
Ne2 Rxh4+ 33. Kg1 Rh1# 0-1

[Event "*** Titled Tuesday Blitz"]
[Site "Chess.com"]
[Date "2021.03.02"]
[Round "11"]
[White "seorobert1971"]
[Black "PrinceMurad09"]
[Result "0-1"]
[WhiteElo "2658"]
[BlackElo "2573"]
[TimeControl "180+1"]
[EndTime "12:06:04 PST"]
[Termination "PrinceMurad09 won by resignation"]

1. e4 c5 2. Nf3 d6 3. Nc3 Nf6 4.
d4 cxd4 5. Nxd4 g6 6. Be3 Bg7 7. f3 Nc6 8. Qd2 O-O 9. Bc4 Bd7 10. O-O-O Rc8 11. Bb3 Nxd4 12. Bxd4 b5 13. h4 a5 14.
a3 b4 15. axb4 axb4 16. Nd5 Nxd5 17. Bxg7 Kxg7 18. exd5 Qa5 19. Qd4+ Kg8 20. h5 Qc5 21.
hxg6 fxg6 22. Qxc5 Rxc5 23. Rde1 Bf5 24. Re2 Rfc8 25.
Rh4 Bxc2 26. Rxc2 Rxc2+ 27. Bxc2 b3 28. Kd2 Rxc2+ 29. Kd3 Rxb2 30. Kc3 Rxg2 31. Kxb3 g5 32. Re4 Kf7 0-1

[Event "*** Titled Tuesday Blitz"]
[Site "Chess.com"]
[Date "2021.03.02"]
[Round "11"]
[White "ChessWarrior7197"]
[Black "MirMan90"]
[Result "1-0"]
[WhiteElo "2913"]
[BlackElo "2750"]
[TimeControl "180+1"]
[EndTime "12:06:07 PST"]
[Termination "ChessWarrior7197 won by resignation"]

1. e4 c5 2. Nc3 e6 3. g3 a6 4. Bg2 b5 5. Nge2 Bb7 6. d4 cxd4 7. Nxd4 Nc6 8. O-O Nxd4 9. Qxd4 Ne7 10. Re1 Nc6 11.
Qd1 Bb4 12. Qg4 O-O 13. e5 Kh8 14. Bxc6 Bxc3 15. Bxb7 Bxe1 16. Bxa8 Qxa8 17. c3 f5 18. exf6 Bxf2+ 19. Kxf2 Rxf6+ 20. Kg1 Qd5 21. Qe2 b4 22.
c4 Qd4+ 23. Be3 Qe4 24. Re1 h6 25. Bf2 Qc6 26. Bd4 Rf5 27. Rf1 Rxf1+ 28. Qxf1 1-0

[Event "*** Titled Tuesday Blitz"]
[Site "Chess.com"]
[Date "2021.03.02"]
[Round "11"]
[White "Fy_Rakotomaharo"]
[Black "ruvat"]
[Result "1-0"]
[WhiteElo "2714"]
[BlackElo "2363"]
[TimeControl "180+1"]
[EndTime "12:06:10 PST"]
[Termination "Fy_Rakotomaharo won by resignation"]

1. f4 d5 2. Nf3 g6 3. g3 Bg7 4. Bg2 Nf6 5. O-O O-O 6. d3 b6 7. c3 Bb7 8. Na3 Nbd7 9. Nc2 c5 10. h3 Qc7 11. Qe1 e5 12. fxe5 Nxe5 13. Nxe5 Qxe5 14. Bf4 Qe7 15. Qf2 Ne8 16. Rae1 Nd6 17. Ne3 d4 18. Bxd6 Qxd6 19. Bxb7 dxe3 20. Qxe3 Rae8 21. Qf2 Re7 22. Bf3 Rfe8 23. Kg2 Re3 24. Be4 Bh6 25. Qxf7+ 1-0

[Event "*** Titled Tuesday Blitz"]
[Site "Chess.com"]
[Date "2021.03.02"]
[Round "11"]
[White "vinniethepooh"]
[Black "Skat2704"]
[Result "1-0"]
[WhiteElo "2707"]
[BlackElo "2578"]
[TimeControl "180+1"]
[EndTime "12:06:20 PST"]
[Termination "vinniethepooh won by resignation"]

1. d4 d5 2. c4 e6 3. Nc3 Nf6 4.
cxd5 exd5 5. Bg5 Be7 6. e3 h6 7.
Bh4 O-O 8. Bd3 b6 9. Nge2 Bb7 10.
O-O c5 11. f3 Nbd7 12. Bf2 Rc8 13. Rc1 a6 14. Bb1 b5 15. dxc5 Nxc5 16. Nd4 Qb6 17. Nf5 Rfe8 18. e4 Qe6 19. exd5 Nxd5 20.
Nxd5 Qxd5 21. Qxd5 Bxd5 22. Nxe7+ Rxe7 23. Rxc5 Rxc5 24. Bxc5 Re2 25. Bd4 a5 26. Rd1 1-0

[Event "*** Titled Tuesday Blitz"]
[Site "Chess.com"]
[Date "2021.03.02"]
[Round "11"]
[White "Brave_spirit12"]
[Black "francyIM"]
[Result "1-0"]
[WhiteElo "2578"]
[BlackElo "2710"]
[TimeControl "180+1"]
[EndTime "12:06:23 PST"]
[Termination "Brave_spirit12 won by resignation"]

1. e4 c5 2. c3 Nf6 3. e5 Nd5 4. d4 cxd4 5. cxd4 d6 6. Nf3 Nc6 7. Nc3 e6 8. Bd3 Be7 9. O-O O-O 10. Qe2 g6 11. Bh6 Re8 12. Rfd1 b6 13. Rac1 Bb7 14. Nxd5 exd5 15. e6 Bf6 16. exf7+ Kxf7 17. Qd2 Qd7 18. Qf4 Qd8 19. Re1 Rxe1+ 20. Rxe1 Bc8 21. Ng5+ Kg8 22. Qxf6 1-0

[Event "*** Titled Tuesday Blitz"]
[Site "Chess.com"]
[Date "2021.03.02"]
[Round "11"]
[White "wonderfultime"]
[Black "SGchess01"]
[Result "1-0"]
[WhiteElo "2931"]
[BlackElo "2858"]
[TimeControl "180+1"]
[EndTime "12:06:27 PST"]
[Termination "wonderfultime won by resignation"]

1. d4 Nf6 2. Nf3 b6 3. Bf4 Bb7 4. e3 g6 5. Nbd2 Bg7 6. Be2 O-O 7. h3 d6 8. O-O Nbd7 9. a4 a6 10. c3 c5 11. Bh2 Ra7 12. Bd3 Qa8 13. Qe2 Ne4 14. Nxe4 Bxe4 15. Rfd1 Rc8 16. Bg3 Nf6 17. Bh4 Bxd3 18. Qxd3 Nd5 19. dxc5 Rxc5 20. b4 Nxc3 21. bxc5 Nxd1 22. Rxd1 bxc5 23. e4 Qc6 24. e5 c4 25.
Qe3 Qxa4 26. Qxa7 Qxd1+ 27. Kh2 dxe5 28. Qb8+ Bf8 29. Bxe7 1-0

[Event "*** Titled Tuesday Blitz"]
[Site "Chess.com"]
[Date "2021.03.02"]
[Round "11"]
[White "enriquetejedor"]
[Black "CakeinSpace2002"]
[Result "1-0"]
[WhiteElo "2520"]
[BlackElo "2415"]
[TimeControl "180+1"]
[EndTime "12:06:28 PST"]
[Termination "enriquetejedor won by resignation"]

1. g3 g6 2. Bg2 c5 3. Nf3 Bg7 4. O-O Nc6 5. c4 Nh6 6. Nc3 Nf5 7. Rb1 O-O 8. a3 a5 9. Ne1 e6 10. Nc2 Rb8 11. d3 Ncd4 12. Na1 b6 13. b4 axb4 14. axb4 Ba6 15. Nc2 Nxc2 16. Qxc2 Nd4 17. Qd2 Qe7 18. e3 Bh6 19. Qa2 cxb4 20. Qxa6 bxc3 21. exd4 Bg7 22. Be3 d5 23. Rxb6 dxc4 24. Rxb8 Rxb8 25. Qxc4 Qa3 26. Rc1 1-0

[Event "*** Titled Tuesday Blitz"]
[Site "Chess.com"]
[Date "2021.03.02"]
[Round "11"]
[White "The_filthy"]
[Black "bylavochka"]
[Result "0-1"]
[WhiteElo "2319"]
[BlackElo "2217"]
[TimeControl "180+1"]
[EndTime "12:06:32 PST"]
[Termination "bylavochka won by resignation"]

1. e4 c5 2. Nf3 d6 3. d4 cxd4 4. Nxd4 Nf6 5. Nc3 g6 6. Be3 Bg7 7. f3 Nc6 8. Qd2 O-O 9. Bc4 Bd7 10. O-O-O Qa5 11. Bb3 Rfc8 12. h4 Ne5 13. h5 Nc4 14. Bxc4 Rxc4 15. Nb3 Qc7 16. Bh6 Bh8 17. hxg6 hxg6 18. g4 Rc8 19. Bg5 Rxc3 20. bxc3 Qxc3 21. Qh2 Nh5 22. gxh5 Qb2+ 23. Kd2 Rxc2+ 0-1

[Event "*** Titled Tuesday Blitz"]
[Site "Chess.com"]
[Date "2021.03.02"]
[Round "11"]
[White "Kapibara_Warri0r"]
[Black "AsaHoffmann"]
[Result "1-0"]
[WhiteElo "2232"]
[BlackElo "2288"]
[TimeControl "180+1"]
[EndTime "12:06:42 PST"]
[Termination "Kapibara_Warri0r won by checkmate"]

1. e4 d6 2. d4 Nf6 3. Nc3 c6 4.
f4 Qa5 5. Bd3 e5 6. fxe5 dxe5 7.
dxe5 Ng4 8. Nf3 Nxe5 9. Nxe5 Qxe5 10. O-O Bd6 11. Bf4 Qc5+ 12. Kh1 Bxf4 13. Rxf4 O-O 14.
Qf3 Be6 15. Re1 Nd7 16. e5 Nxe5 17. Qg3 Nxd3 18. cxd3 Rad8 19. Ne4 Qd4 20. Nf6+ Kh8 21. Rxd4 Rxd4 22. Nh5 Rg8 23. Nf4 Bxa2 24. h3 Rgd8 25. Nh5 Rg8 26. Re8 g6 27. Qe5+ f6 28. Qxf6# 1-0

[Event "*** Titled Tuesday Blitz"]
[Site "Chess.com"]
[Date "2021.03.02"]
[Round "11"]
[White "Azde"]
[Black "Kildepiotr"]
[Result "1/2-1/2"]
[WhiteElo "2449"]
[BlackElo "2574"]
[TimeControl "180+1"]
[EndTime "12:06:44 PST"]
[Termination "Game drawn by repetition"]

1. d4 c5 2. c4 cxd4 3. e3 dxe3 4. Bxe3 Nc6 5. Nc3 Nf6 6. Nf3 e6 7. Be2 Bb4 8. Rc1 d5 9. O-O dxc4 10. Qa4 O-O 11.
Bxc4 Qe7 12. a3 Bc5 13. Bg5 Bd7 14. Ne4 Bb6 15. Nxf6+ gxf6 16. Bh6 Rfd8 17. Bd3 Nd4 18. Qd1 Bc6 19. Ne5 f5 20. Qh5 Qf6 21. Rce1 Rd5 22. Bg5 Qg7 23. Bh6 Qf6 24. Bg5 Qg7 25. Bh6 Qf6 1/2-1/2

[Event "*** Titled Tuesday Blitz"]
[Site "Chess.com"]
[Date "2021.03.02"]
[Round "11"]
[White "ehrenfeld"]
[Black "KetiGrant"]
[Result "1-0"]
[WhiteElo "2482"]
[BlackElo "2350"]
[TimeControl "180+1"]
[EndTime "12:06:47 PST"]
[Termination "ehrenfeld won by resignation"]

1. e4 c5 2. Nf3 Nc6 3. Bb5 g6 4. Bxc6 dxc6 5. O-O Bg7 6. d3 Nf6 7. h3 O-O 8. Nc3 Qc7 9. Be3 b6 10. Qd2 e5 11. Ne2 Be6 12. Ng5 Bc8 13. f4 Nd7 14. f5 Ba6 15. fxg6 hxg6 16. Qe1 Nf6 17. Qh4 Rfd8 18.
Rf3 c4 19. Raf1 Rd6 20. d4 exd4 21. e5 dxe3 22. exd6 Qxd6 23. Rxf6 1-0

[Event "*** Titled Tuesday Blitz"]
[Site "Chess.com"]
[Date "2021.03.02"]
[Round "11"]
[White "Zhigalko_Sergei"]
[Black "Grandelicious"]
[Result "1-0"]
[WhiteElo "2929"]
[BlackElo "2852"]
[TimeControl "180+1"]
[EndTime "12:06:48 PST"]
[Termination "Zhigalko_Sergei won by resignation"]

1. e4 c6 2. d4 d5 3. e5 c5 4. Nf3 cxd4 5. Qxd4 Nc6 6. Qf4 e6 7. Bd3 Nb4 8. O-O Nxd3 9. cxd3 Ne7 10. Nc3 Ng6 11. Qg3 Be7 12. Ne2 O-O 13. Ned4 Bd7 14.
Re1 Qb6 15. Be3 Qa6 16. h4 f6 17. exf6 Bxf6 18. h5 Ne7 19. Bg5 Qxd3 20. Bxf6 Rxf6 21. Qd6 Nc6 22. Rad1 1-0

[Event "*** Titled Tuesday Blitz"]
[Site "Chess.com"]
[Date "2021.03.02"]
[Round "11"]
[White "davigator"]
[Black "Chamal_Gedgafov"]
[Result "1-0"]
[WhiteElo "2396"]
[BlackElo "2280"]
[TimeControl "180+1"]
[EndTime "12:06:56 PST"]
[Termination "davigator won by resignation"]

1. e4 e6 2. d4 d5 3. Nc3 Bb4 4. e5 c5 5. a3 Bxc3+ 6. bxc3 Ne7 7. Qg4 Qc7 8. Qxg7 Rg8 9. Qxh7 cxd4 10. Ne2 Nbc6 11.
f4 Bd7 12. Rb1 dxc3 13. Qd3 d4 14. Ng3 O-O-O 15. Be2 a6 16. Bf3 Be8 17. O-O Na5 18.
Ne4 Nf5 19. Nf6 Rg7 20. Nxe8 Rxe8 21. Be4 Qd7 22. Rb4 Ne7 23. Rxd4 Qc7 24. Be3 Nec6 25. Rd6 f6 26. exf6 Rd7 27. Rxd7 Qxd7 28. Qxc3 e5 29.
fxe5 Kb8 30. Bf4 Ka8 31. g3 Rc8 32. Qd3 Qg4 33. Bf5 1-0

[Event "*** Titled Tuesday Blitz"]
[Site "Chess.com"]
[Date "2021.03.02"]
[Round "11"]
[White "Mihnea2017"]
[Black "j_coca"]
[Result "1-0"]
[WhiteElo "2463"]
[BlackElo "2343"]
[TimeControl "180+1"]
[EndTime "12:07:03 PST"]
[Termination "Mihnea2017 won by resignation"]

1. e4 Nf6 2. e5 Nd5 3. d4 d6 4.
Nf3 Bg4 5. Be2 Nc6 6. O-O e6 7. exd6 cxd6 8. c4 Nb6 9. Nc3 Bxf3 10. Bxf3 Nxc4 11. d5 exd5 12. Nxd5 N4e5 13. Bf4 Be7 14.
Re1 O-O 15. Rc1 Bg5 16. Bxe5 Bxc1 17. Bf6 gxf6 18. Qxc1 Ne5 19. Qh6 Nd7 20. Re4 f5 21. Rh4 Qxh4 22. Qxh4 Rfe8 23. h3 Re1+ 24. Kh2 Rc8 25.
Ne7+ 1-0

[Event "*** Titled Tuesday Blitz"]
[Site "Chess.com"]
[Date "2021.03.02"]
[Round "11"]
[White "Vuk2000"]
[Black "karinachess1"]
[Result "1-0"]
[WhiteElo "2659"]
[BlackElo "2514"]
[TimeControl "180+1"]
[EndTime "12:07:05 PST"]
[Termination "Vuk2000 won by checkmate"]

1. d4 Nf6 2. Bg5 Ne4 3. Bf4 d5 4. f3 Nf6 5. e4 e6 6. e5 Nfd7 7. Be3 c5 8. c3 Nc6 9. f4 Qb6 10. Qd2 Be7 11. Nf3 f5 12. h3 Qd8 13. g4 O-O 14.
gxf5 Rxf5 15. Bd3 Rf7 16. Qc2 g6 17. Bxg6 hxg6 18. Qxg6+ Rg7 19. Qxe6+ Kf8 20. Qh6 Qe8 21. Rg1 Qf7 22. e6 Qf6 23. Qh8+ Rg8 24. Rxg8# 1-0

[Event "*** Titled Tuesday Blitz"]
[Site "Chess.com"]
[Date "2021.03.02"]
[Round "11"]
[White "andy_rekt"]
[Black "Hangar-18"]
[Result "1-0"]
[WhiteElo "2291"]
[BlackElo "2357"]
[TimeControl "180+1"]
[EndTime "12:07:05 PST"]
[Termination "andy_rekt won by checkmate"]

1. d4 Nf6 2. c4 e6 3. Nc3 Bb4 4. e3 c5 5. Ne2 cxd4 6. exd4 d5 7. a3 Be7 8. c5 O-O 9. g3 b6 10. b4 a5 11. Be3 axb4 12. axb4 Rxa1 13. Qxa1 bxc5 14.
bxc5 Nc6 15. Bg2 e5 16. O-O e4 17. Nb5 Bg4 18. Nec3 Qd7 19. Qa6 Nb4 20. Qa7 Qf5 21. Qxe7 Bf3 22. Qe5 Qg4 23. Qf4 Qh5 24. Qg5 Rb8 25.
Qxh5 Bxh5 26. Bf4 Rc8 27. Nd6 Rc6 28. Ra1 g5 29. Be5 Ng4 30. Ra8+ Rc8 31. Rxc8# 1-0

[Event "*** Titled Tuesday Blitz"]
[Site "Chess.com"]
[Date "2021.03.02"]
[Round "11"]
[White "InitiatingASC"]
[Black "ellennilssen"]
[Result "1-0"]
[WhiteElo "2449"]
[BlackElo "2300"]
[TimeControl "180+1"]
[EndTime "12:07:11 PST"]
[Termination "InitiatingASC won by resignation"]

1. d4 d6 2. c4 e5 3. dxe5 dxe5 4. Qxd8+ Kxd8 5. Nf3 f6 6. e3 c6 7. Nc3 Kc7 8. Be2 Be6 9. O-O Nd7 10. Rd1 Nh6 11. Bd2 Be7 12. Be1 Rhd8 13. Nd2 Nf7 14. f3 Nb6 15. Bf2 Bb4 16. Rac1 Rd7 17. c5 Nd5 18. Nxd5+ Bxd5 19. a3 Bxd2 20. Rxd2 Rad8 21. Kf1 Ng5 22. Ke1 Ne6 23. Rc3 Nf8 24. Rcd3 Be6 25. b4 Rxd3 26. Bxd3 h6 27. g4 Ng6 28. Bxg6 1-0

[Event "*** Titled Tuesday Blitz"]
[Site "Chess.com"]
[Date "2021.03.02"]
[Round "11"]
[White "Maddie"]
[Black "anskam"]
[Result "1-0"]
[WhiteElo "2072"]
[BlackElo "1770"]
[TimeControl "180+1"]
[EndTime "12:07:18 PST"]
[Termination "Maddie won on time"]

1. d4 Nf6 2. e3 g6 3. Bd3 Bg7 4. f4 O-O 5. Nf3 d6 6. O-O Nc6 7. c3 Bg4 8. Nbd2 e5 9. fxe5 dxe5 10. Bc2 e4 11. Nxe4 Nxe4 12. Bxe4 f5 13. Qb3+ Kh8 14.
Bd3 Rb8 15. Be2 Qe7 16. h3 Bxf3 17. Bxf3 a6 18. Qc2 Nd8 19. Bd2 Ne6 20. e4 Ng5 21.
Bxg5 Qxg5 22. exf5 Rxf5 23. Rae1 Rbf8 24. Qe2 Qg3 25. Qf2 Qg5 26. Kh1 Qh6 27. Qe3 Qh4 28.
Qe7 Qh6 29. Qxc7 1-0

[Event "*** Titled Tuesday Blitz"]
[Site "Chess.com"]
[Date "2021.03.02"]
[Round "11"]
[White "HanSchut"]
[Black "niki_2003"]
[Result "0-1"]
[WhiteElo "2211"]
[BlackElo "2040"]
[TimeControl "180+1"]
[EndTime "12:07:28 PST"]
[Termination "niki_2003 won by checkmate"]

1. e4 c6 2. d4 d5 3. exd5 cxd5 4.
c4 e6 5. Nc3 Nf6 6. Nf3 Nc6 7.
cxd5 Nxd5 8. Bd3 Bb4 9. Qc2 Qa5 10. Bd2 Qb6 11. O-O O-O 12. Bxh7+ Kh8 13. Qe4 g6 14. Bxg6 fxg6 15. Qxg6 Nxd4 16. Ng5 Qc7 17. Nxd5 exd5 18. Bxb4 Bf5 19. Qh6+ Kg8 20. Bxf8 Rxf8 21. Rad1 Ne2+ 22.
Kh1 Bc2 23. Rxd5 Be4 24. Rd2 Rxf2 25. Qe6+ Kf8 26. Rg1 Bxg2+ 27. Rxg2 Rf1+ 28. Rg1 Rxg1# 0-1

[Event "*** Titled Tuesday Blitz"]
[Site "Chess.com"]
[Date "2021.03.02"]
[Round "11"]
[White "LionTheLeon_06"]
[Black "sergeikim"]
[Result "1/2-1/2"]
[WhiteElo "2690"]
[BlackElo "2538"]
[TimeControl "180+1"]
[EndTime "12:07:32 PST"]
[Termination "Game drawn by repetition"]

1. c4 e5 2. Nc3 Nc6 3. g3 g6 4. Bg2 Bg7 5. Nf3 Nge7 6. d3 O-O 7.
O-O d6 8. Rb1 h6 9. b4 Be6 10. b5 Nb8 11. Nd2 Qc8 12. a4 Bh3 13. Bxh3 Qxh3 14. Ba3 b6 15. Nd5 Nxd5 16. cxd5 Nd7 17.
Rc1 Nc5 18. Bxc5 bxc5 19. Nc4 f5 20. a5 Rf6 21. Rb1 Rb8 22. b6 cxb6 23. axb6 axb6 24. Qa4 f4 25. Rxb6 Rbf8 26. Rxd6 fxg3 27. hxg3 Rxf2 28.
Rxf2 Qxg3+ 29. Rg2 Qe1+ 30. Kh2 Qh4+ 31. Kg1 Qe1+ 32. Kh2 Qh4+ 33. Kg1 Qe1+ 1/2-1/2

[Event "*** Titled Tuesday Blitz"]
[Site "Chess.com"]
[Date "2021.03.02"]
[Round "11"]
[White "GMJustin"]
[Black "tk22h"]
[Result "1-0"]
[WhiteElo "2253"]
[BlackElo "2336"]
[TimeControl "180+1"]
[EndTime "12:07:36 PST"]
[Termination "GMJustin won by resignation"]

1. d4 Nf6 2. c4 c5 3. Nf3 cxd4 4. Nxd4 Nc6 5. Nc3 Nxd4 6. Qxd4 d6 7. Bg5 e6 8. Ne4 Qa5+ 9. Bd2 Qd8 10. Nxf6+ Qxf6 11. Qxf6 gxf6 12. Bc3 Be7 13. g3 Bd7 14. Bg2 O-O-O 15. O-O-O Bc6 16. Bxc6 bxc6 17. e4 h5 18. h4 Rhg8 19.
Rhe1 Kb7 20. Rd3 Rg4 21. Rf3 f5 22. exf5 Rxc4 23. fxe6 fxe6 24. Rxe6 Rd7 25. Kc2 Bd8 26. Rf5 d5 27. b3 Rg4 28. Rxh5 d4 29. Bd2 d3+ 30.
Kd1 Bb6 31. Rf5 a5 32. Rf4 Rxf4 33. Bxf4 Bxf2 34. h5 Bd4 35. h6 Bc3 36. Be5 Bxe5 37. Rxe5 Rf7 38. Rh5 1-0

[Event "*** Titled Tuesday Blitz"]
[Site "Chess.com"]
[Date "2021.03.02"]
[Round "11"]
[White "NikolaN98"]
[Black "K_A_S_T_O_R"]
[Result "0-1"]
[WhiteElo "2505"]
[BlackElo "2752"]
[TimeControl "180+1"]
[EndTime "12:07:37 PST"]
[Termination "K_A_S_T_O_R won by resignation"]

1. d3 d5 2. Nf3 c5 3. g3 Nc6 4. Bg2 g6 5. O-O Bg7 6. Nbd2 e6 7. e4 Nge7 8. Qe2 h6 9. Re1 b6 10. Nf1 Ba6 11. a4 dxe4 12. Qxe4 O-O 13. Qh4 Nf5 14. Qh3 Ncd4 15. Nxd4 Nxd4 16. Ne3 Rc8 17. a5 b5 18. Bd2 Nxc2 19. Nxc2 Qxd3 20. Bxh6 Qxc2 21.
Be4 Qxb2 22. Bxg6 Bxh6 23. Qxh6 Qg7 24. Qxg7+ Kxg7 25. Be4 Rfd8 26. h4 b4 27. g4 b3 28.
Rab1 c4 29. Rec1 Rd4 30. Bf3 Rb8 31. Bd1 b2 32. Rc3 Rxd1+ 33. Rxd1 b1=Q 34. Rxb1 Rxb1+ 35. Kg2 Rb3 36. Rc2 Bb7+ 37. Kh2 Bd5 38. f4 Rf3 39. f5 exf5 40. g5 Rf4 41. h5 Rh4+ 42. Kg3 Rg4+ 0-1

[Event "*** Titled Tuesday Blitz"]
[Site "Chess.com"]
[Date "2021.03.02"]
[Round "11"]
[White "ljuks68"]
[Black "Nayemhaque22"]
[Result "0-1"]
[WhiteElo "2439"]
[BlackElo "2336"]
[TimeControl "180+1"]
[EndTime "12:07:39 PST"]
[Termination "Nayemhaque22 won by resignation"]

1. e4 c6 2. d4 d5 3. e5 Bf5 4. Nd2 e6 5. Nb3 a6 6. Nf3 c5 7. dxc5 Bxc5 8. Nxc5 Qa5+ 9. c3 Qxc5 10. Nd4 Ne7 11. Be3 Qc7 12. f4 Nbc6 13. Be2 Nxd4 14. Bxd4 Nc6 15. Be3 O-O 16. g4 Be4 17. O-O Rad8 18.
Bd3 f6 19. Bc5 Rf7 20. Bxe4 dxe4 21. Qe2 Nxe5 22. Be3 Nf3+ 23. Kh1 f5 24. Rad1 Rfd7 25. Rxd7 Qxd7 26. Bb6 Qd3 27. Qf2 fxg4 28. Bxd8 e3 29. Qg3 Qxf1+ 0-1

[Event "*** Titled Tuesday Blitz"]
[Site "Chess.com"]
[Date "2021.03.02"]
[Round "11"]
[White "losersgame"]
[Black "GasconJR"]
[Result "0-1"]
[WhiteElo "2326"]
[BlackElo "2452"]
[TimeControl "180+1"]
[EndTime "12:07:48 PST"]
[Termination "GasconJR won on time"]

1. d4 Nf6 2. c4 g6 3. Nc3 Bg7 4.
e4 d6 5. f3 O-O 6. Be3 c5 7.
d5 e6 8. Qd2 exd5 9. cxd5 a6 10. a4 Nbd7 11. Nh3 Ne5 12. Nf2 Bd7 13. Be2 b5 14.
O-O b4 15. Ncd1 a5 16. f4 Neg4 17. Bxg4 Nxg4 18. Nxg4 Bxg4 19. Nf2 Bd7 20. Rfe1 Rc8 21. Rac1 Bxa4 22. e5 dxe5 23. Bxc5 Re8 24. Ne4 exf4 25.
Qxf4 Qxd5 26. Nf6+ Bxf6 27. Rxe8+ Rxe8 28. Qxf6 Re2 0-1

[Event "*** Titled Tuesday Blitz"]
[Site "Chess.com"]
[Date "2021.03.02"]
[Round "11"]
[White "KRSilva"]
[Black "ARTHURMOTIVATOR"]
[Result "0-1"]
[WhiteElo "2225"]
[BlackElo "2328"]
[TimeControl "180+1"]
[EndTime "12:07:50 PST"]
[Termination "ARTHURMOTIVATOR won by checkmate"]

1. d4 Nf6 2. Nf3 g6 3. c4 Bg7 4. Nc3 O-O 5. e4 d6 6. Be2 e5 7.
O-O Nbd7 8. Be3 exd4 9. Nxd4 Re8 10. f3 Nc5 11. Rc1 a5 12. b3 Nh5 13. Qd2 Ne6 14.
Ndb5 Qh4 15. f4 Bd7 16. f5 Be5 17. g3 Nxg3 18. Bd3 Nxf1 19. Rxf1 Nc5 20. Bxc5 dxc5 21. Bc2 Rad8 22. Qe1 Qxh2# 0-1

[Event "*** Titled Tuesday Blitz"]
[Site "Chess.com"]
[Date "2021.03.02"]
[Round "11"]
[White "AttackSparrow"]
[Black "TeukkaSalama"]
[Result "1-0"]
[WhiteElo "2532"]
[BlackElo "2376"]
[TimeControl "180+1"]
[EndTime "12:07:51 PST"]
[Termination "AttackSparrow won by resignation"]

1. e4 e6 2. d4 d5 3. Bd3 dxe4 4. Bxe4 Nf6 5. Bf3 c5 6. Ne2 Nc6 7. Be3 cxd4 8. Nxd4 Ne5 9. Nc3 Bb4 10. Nb5 O-O 11.
Qxd8 Nxf3+ 12. gxf3 Rxd8 13. Nc7 Rb8 14. Bxa7 Bd7 15.
Bxb8 Rxb8 16. O-O-O Bxc3 17. bxc3 Rc8 18. Nxe6 Bxe6 19.
Kb2 g6 20. Rd4 Nd5 21. Rhd1 Kg7 22. Rxd5 Bxd5 23. Rxd5 Rc4 24. Rd7 Rh4 25. Rxb7 Rxh2 26. a4 Rxf2 27. a5 Rxf3 28. a6 Rf6 29. a7 Ra6 30. c4 h5 31. c5 h4 32. c6 h3 33. c7 h2 34. c8=Q h1=Q 35. Qc3+ Kh6 36. Qh8+ 1-0

[Event "*** Titled Tuesday Blitz"]
[Site "Chess.com"]
[Date "2021.03.02"]
[Round "11"]
[White "JQuiroga18"]
[Black "Nikolaj_6"]
[Result "0-1"]
[WhiteElo "2433"]
[BlackElo "2667"]
[TimeControl "180+1"]
[EndTime "12:07:54 PST"]
[Termination "Nikolaj_6 won by resignation"]

1. e4 c5 2. Nf3 d6 3. d4 cxd4 4. Nxd4 Nf6 5. Nc3 a6 6. g3 e5 7.
Nde2 h5 8. h3 b5 9. Bg2 Bb7 10.
Nd5 Bxd5 11. exd5 Nbd7 12. O-O h4 13. g4 Be7 14. f4 exf4 15. Bxf4 O-O 16. Qd2 Nh7 17.
Rf2 Bg5 18. Raf1 Ne5 19. b3 Bxf4 20. Rxf4 Qb6+ 21. Nd4 g6 22. Kh1 Rae8 23. Nc6 Qc5 24. g5 Nxc6 25. dxc6 Qxg5 26. Qxd6 Re2 27. R4f2 Re6 28.
Qd7 Nf6 29. Qd4 Nh5 30. Kg1 Rxc6 31. Qg4 Rc5 32. b4 Re5 33. Qxg5 Rxg5 34. Kh2 Ng3 35. Re1 Rc8 36. Re7 Rf5 37. Rd2 Rc4 38. a3 Rc3 39. Bd5 Nf1+ 0-1